 Dungeon Crawl Stone Soup version 0.29.1-12-g30fa7ad0bf (webtiles) character file.

Game seed: 2160554386177204927

2443 ymhsbmbesitwf the Cleaver (level 9, -1/83 HPs)
             Began as a Minotaur Gladiator on Jan 3, 2023.
             Was a Believer of Ashenzari.
             Slain by Maggie the ice beast (12 damage)
             ... on level 7 of the Dungeon.
             The game lasted 00:17:16 (7262 turns).

ymhsbmbesitwf the Cleaver (Minotaur Gladiator)      Turns: 7262, Time: 00:17:16

Health: -1/83      AC:  9    Str: 24    XL:     9   Next: 25%
Magic:  8/8        EV: 13    Int:  5    God:    Ashenzari [**....]
Gold:   271        SH:  0    Dex: 11    Spells: 8/8 levels left

rFire   . . .      SeeInvis +   a - +5 war axe of the Unveiling Heavens {Evo, Cun} (curse)
rCold   . . .      Faith    .   (no shield)
rNeg    . . .      Spirit   .   i - +0 scale mail
rPois   .          Reflect  .   c - +0 hat of the Tethered Seer {Alch, Melee} (curse)
rElec   .          Harm     .   (no cloak)
rCorr   .          Rampage  .   (no gloves)
Will    .....                   y - +0 pair of boots of the Lashed Sage {Range, Self} (curse)
Stlth   ..........              (no amulet)
HPRegen 0.23/turn               (no ring)
MPRegen 0.11/turn               (no ring)

@: no status effects
A: horns 2, retaliatory headbutt
a: Renounce Religion, Shatter the Chains


You were on level 7 of the Dungeon.
You worshipped Ashenzari.
Ashenzari was pleased with you.
You visited 1 branch of the dungeon, and saw 7 of its levels.

You collected 271 gold pieces.

Inventory:

Hand Weapons
 a - the cursed +5 war axe of the Unveiling Heavens (weapon) {Evo, Cun}
   (You took it off a wight on level 5 of the Dungeon)

   It has a curse which improves the following skills: Evocations: Evocations.
   Cunning:   Dodging and Stealth.
 k - a +1 glaive of venom
Missiles
 d - 3 throwing nets (quivered)
 e - a javelin
 u - 16 poisoned darts
 v - 3 boomerangs
Armour
 c - the cursed +0 hat of the Tethered Seer (worn) {Alch, Melee}

   It has a curse which improves the following skills: Alchemy: Poison Magic and
   Transmutations.
   Melee Combat: Short Blades, Long Blades, Axes, Maces & Flails, Polearms,
   Staves and Unarmed Combat.
 i - a +0 scale mail (worn)
 y - the cursed +0 pair of boots of the Lashed Sage (worn) {Range, Self}
   (You found it on level 4 of the Dungeon)

   It has a curse which improves the following skills: Ranged Combat: Ranged
   Weapons and Throwing.
   Introspection: Fighting and Spellcasting.
Jewellery
 h - a ring of magical power
Wands
 g - a wand of polymorph (12)
 l - a wand of iceblast (10)
 w - a wand of charming (10)
Scrolls
 b - a scroll of enchant armour
 f - a scroll of enchant weapon
 m - a scroll of magic mapping
 n - 4 scrolls of fear
 r - 2 scrolls of fog
 t - 5 scrolls of teleportation
 x - a scroll of immolation
 A - a scroll of blinking
Potions
 j - 3 potions of curing
 p - a potion of haste
 q - 3 potions of attraction
 s - 3 potions of cancellation


   Skills:
 * Level 7.8(9.1) Fighting
 * Level 8.3(9.6) Axes
 - Level 2.0(3.0) Throwing
 * Level 7.3 Armour
 * Level 7.6(8.9) Dodging


You had 8 spell levels left.
You didn't know any spells.
Your spell library contained the following spells:

 Spells                   Type           Power      Damage    Failure   Level
 Beastly Appendage        Tmut           0%         N/A       73%         1
 Passwall                 Tmut/Erth      0%         N/A       86%         2
 Wereblood                Tmut           0%         N/A       86%         2
 Ensorcelled Hibernation  Hex/Ice        0%         N/A       87%         2
 Spider Form              Tmut/Pois      0%         N/A       97%         3
 Conjure Flame            Conj/Fire      0%         6-21      98%         3
 Ignite Poison            Fire/Tmut/Pois 0%         N/A       98%         3
 Swiftness                Air            0%         N/A       98%         3
 Anguish                  Hex/Necr       0%         N/A       100%        4
 Passage of Golubria      Tloc           0%         N/A       100%        4
 Sticky Flame             Conj/Fire      0%         2d3       100%        4
 Silence                  Hex/Air        0%         N/A       100%        5
 Lehudib's Crystal Spear  Conj/Erth      0%         10d2      100%        8


Dungeon Overview and Level Annotations

Branches:
Dungeon (7/15)
 Temple: D:4-7

Altars:
Ashenzari
Dithmenos
Hepliaklqana
Kikubaaqudgha
Qazlal
Ru
Sif Muna
Trog
Vehumet
Wu Jian
Zin

Shops:
D:6 *

Annotations:
D:7 Maggie


Innate Abilities, Weirdness & Mutations

You have a pair of horns on your head.
You reflexively headbutt those who attack you in melee.


Message History

Maggie burns you.
You hit Maggie.
Maggie is lightly wounded.
Maggie barely misses you. You furiously retaliate!
You headbutt Maggie!
You feel much better.
Maggie smiles, but it's obviously fake.
Maggie hits you with a +2 glaive of flaming!
Maggie burns you.
You slash Maggie!
Maggie is moderately wounded.
Maggie hits you but does no damage.
You hit Maggie but do no damage.
Maggie is moderately wounded.
Maggie hits you with a +2 glaive of flaming!
Maggie burns you.
* * * LOW HITPOINT WARNING * * *
Okay, then.
Aiming: Polymorph
Press: ? - help, Shift-Dir - straight line, f - Maggie
Aim: Maggie, wielding a +2 glaive of flaming, wearing +0 acid dragon scales and carrying a wand of flame (30) (moderately wounded, mesmerising, will become a killer bee, an ice beast, or a steam dragon, chance to affect: 49%) Maggie resists with some effort.
Maggie hits you with a +2 glaive of flaming!
* * * LOW HITPOINT WARNING * * *
Maggie burns you.
* * * LOW HITPOINT WARNING * * *
Aiming: Polymorph
Press: ? - help, Shift-Dir - straight line, f/p - Maggie
Aim: Maggie, wielding a +2 glaive of flaming, wearing +0 acid dragon scales and carrying a wand of flame (30) (moderately wounded, mesmerising, will become a killer bee, an ice beast, or a steam dragon, chance to affect: 49%)
You break out of your daze!
Maggie evaporates and reforms as an ice beast!
Okay, then.
You hit Maggie but do no damage.
Maggie is lightly wounded.
Maggie barely misses you.
You hit Maggie. Your headbutt misses Maggie.
Maggie is moderately wounded.
Maggie hits you but does no damage. Maggie hits you.
* * * LOW HITPOINT WARNING * * *
Maggie freezes you!
You die...

,, ,# #........#*
..#* #.. #....<..# ,
...##*#.#####.....##
,
.....##....#.....##
................## ,
.........#.....##
....(...###..#.##
(.......###.)#..#
.......<.##)@..## *
#..........Y....# ,
##..............#
##...........###
,,##..........# ,,
#..........#
#<........##
#.......... , , ,


You could see Maggie the ice beast.

Vanquished Creatures
  Eustachio (D:4)
  Menkaure (D:5)
  Edmund (D:6)
  3 water moccasins
  Duvessa (D:6)
  A black bear (D:5)
  An ice beast (D:5)
  A centaur (D:6)
  2 ogres
  Blork the orc (D:6)
  A bullfrog (D:6)
  2 kobold brigands (D:6)
  A necrophage (D:6)
  A scorpion (D:5)
  4 wights (D:5)
  Dowan (D:6)
  4 hounds
  A jelly (D:6)
  An orc priest (D:6)
  4 iguanas
  Ijyb (D:5)
  2 orc wizards
  7 gnolls (D:3)
  5 adders
  A white imp (D:6)
  3 worms
  5 dart slugs
  12 orcs
  7 endoplasms
  2 giant cockroaches
  8 goblins
  4 hobgoblins
  2 jackals (D:2)
  15 kobolds
  4 quokkas
  8 ball pythons
  4 bats
  A frilled lizard (D:3)
  7 rats
131 creatures vanquished.

Notes
Turn   | Place    | Note
-------+----------+-------------------------------------------
     0 | D:1      | ymhsbmbesitwf the Minotaur Gladiator began the quest for
                  | the Orb.
     0 | D:1      | Reached XP level 1. HP: 18/18 MP: 0/0
   230 | D:1      | Reached XP level 2. HP: 24/25 MP: 1/1
   256 | D:1      | Reached skill level 1 in Armour
   383 | D:2      | Reached skill level 4 in Axes
   425 | D:2      | Reached XP level 3. HP: 18/31 MP: 2/2
   972 | D:1      | Found a faded altar of an unknown god.
  1527 | D:2      | Reached XP level 4. HP: 38/38 MP: 3/3
  1773 | D:4      | Noticed Eustachio
  2166 | D:3      | Reached XP level 5. HP: 36/46 MP: 4/4
  2812 | D:3      | Found an ornate altar of the Wu Jian Council.
  2812 | D:3      | Found a sacrificial altar of Ru.
  2812 | D:3      | Found a broken altar of Ashenzari.
  2812 | D:3      | Found a shadowy altar of Dithmenos.
  2820 | D:3      | Found a stormy altar of Qazlal.
  2820 | D:3      | Found a hazy altar of Hepliaklqana.
  2831 | D:3      | Became a worshipper of Ashenzari the Shackled
  3182 | D:5      | Entered Level 5 of the Dungeon
  3232 | D:5      | Reached skill level 5 in Axes
  3448 | D:4      | Killed Eustachio
  3449 | D:4      | Reached XP level 6. HP: 15/53 MP: 5/5
  3511 | D:4      | Reached skill level 5 in Dodging
  3953 | D:4      | Reached skill level 5 in Fighting
  4334 | D:5      | Reached XP level 7. HP: 61/61 MP: 6/6
  4589 | D:5      | Reached * piety under Ashenzari
  4663 | D:5      | Noticed Ijyb
  4682 | D:5      | Killed Ijyb
  4941 | D:5      | Noticed Menkaure
  4978 | D:5      | HP: 2/63 [Menkaure (19)]
  4986 | D:5      | Killed Menkaure
  4987 | D:5      | Reached skill level 6 in Axes
  5258 | D:5      | Reached skill level 5 in Armour
  5276 | D:6      | Noticed Blork the orc
  5280 | D:6      | Killed Blork the orc
  5417 | D:5      | Reached XP level 8. HP: 52/71 MP: 7/7
  5838 | D:5      | Reached skill level 7 in Axes
  6197 | D:6      | Noticed Duvessa
  6199 | D:6      | Found an ancient bone altar of Kikubaaqudgha.
  6204 | D:6      | Killed Duvessa
  6205 | D:6      | Noticed Dowan
  6209 | D:6      | Found a glowing silver altar of Zin.
  6212 | D:6      | Killed Dowan
  6214 | D:6      | Reached XP level 9. HP: 59/81 MP: 8/8
  6443 | D:6      | Reached ** piety under Ashenzari
  6467 | D:6      | Reached skill level 8 in Axes
  6565 | D:6      | Noticed Edmund
  6572 | D:6      | Killed Edmund
  6670 | D:6      | Found Oggust's Overcharged Wands.
  6681 | D:6      | Found a radiant altar of Vehumet.
  6688 | D:6      | Found a shimmering blue altar of Sif Muna.
  6688 | D:6      | Found a bloodstained altar of Trog.
  6698 | D:7      | Noticed Maggie
  7260 | D:7      | Noticed Maggie
  7260 | D:7      | Maggie changed into Maggie the ice beast
  7262 | D:7      | Slain by Maggie the ice beast

Illustrated notes

Levels and vault maps discovered:
D:1:      roderic_crossed_star, layout_loops_ring,
          shapermc_ecumenical_altar_mp_vishouse
D:2:      layout_rooms
D:3:      layout_basic, minmay_overflow_temple_hex, dreamdust_princess_corridor,
          wad_floor_pattern_untrapped
D:4:      layout_loops_cross, minivault_23, minivault_4,
          kennysheep_cross_bottleneck, nicolae_figureground_pulse,
          uniq_eustachio
D:5:      layout_cave_pods, serial_park_tiny_2, kennysheep_generic_room_11,
          uniq_menkaure, uniq_ijyb
D:6:      layout_rooms, grunt_temple_overflow_open,
          nicolae_shop_overcharged_wands, uniq_duvessa, uniq_edmund,
          uniq_blork_the_orc
D:7:      layout_cave_pools, minmay_temple_entry_enclosed_plants, uniq_maggie

Skill      XL: |  1  2  3  4  5  6  7  8  9 |
---------------+----------------------------+-----
Armour         | 1 2 3 4 5 6 7 |  7.3
Axes           | 4 5 6 7 8 |  8.3
Fighting       | 3 4 5 6 7 |  7.8
Dodging        | 4 5 6 7 |  7.6
Throwing       | |  2.0

Action                   |  1- 3 |  4- 6 |  7- 9 || total
-------------------------+-------+-------+-------++-------
Melee: War axe           |    79 |   121 |   129 ||   329
       Headbutt          |    11 |    18 |    20 ||    49
       Punch             |       |     1 |     4 ||     5
Invok: Curse Item        |       |     1 |     2 ||     3
Evoke: Wand              |       |       |     2 ||     2
  Use: Potion            |       |       |     5 ||     5
Armor: Ring mail         |     2 |       |       ||     2
       Scale mail        |    32 |    58 |    49 ||   139
Dodge: Dodged            |    45 |    91 |   104 ||   240
